 Dungeon Crawl Stone Soup version 0.22.1-1-ga44c0e5 (webtiles) character file.

3807 brandon the Cleaver (level 9, -2/82 HPs)
             Began as a Minotaur Berserker on Oct 2, 2018.
             Was a High Priest of Trog.
             Slain by a two-headed ogre
             ... wielding a +0 giant spiked club
              (15 damage)
             ... on level 9 of the Dungeon.
             The game lasted 00:26:49 (8119 turns).

brandon the Cleaver (Minotaur Berserker)            Turns: 8119, Time: 00:26:51

Health: -2/82      AC: 11    Str: 22    XL:     9   Next: 96%
Magic:  0/8        EV: 11    Int:  4    God:    Trog [*****.]
Gold:   525        SH:  0    Dex: 13    Spells: 8/8 levels left

rFire    . . .     SeeInvis +   a - +9 executioner's axe (flame)
rCold    . . .     Gourm    .   (shield currently unavailable)
rNeg     . . .     Faith    .   q - +0 chain mail
rPois    +         Spirit   +   (helmet restricted)
rElec    .         Reflect  .   m - scarf {Spirit}
rCorr    .         Harm     .   (no gloves)
MR       .....                  (no boots)
Stlth    ..........             n - amulet of magic regeneration
HPRegen  0.23/turn              s - ring of see invisible
MPRegen  0.36/turn              v - ring of poison resistance

@: no status effects
A: retaliatory headbutt, horns 2
a: Berserk, Trog's Hand, Brothers in Arms, Renounce Religion


You were on level 9 of the Dungeon.
You worshipped Trog.
Trog was extremely pleased with you.
You were not hungry.

You visited 1 branch of the dungeon, and saw 9 of its levels.
You also visited: Sewer.

You collected 622 gold pieces.
You spent 97 gold pieces at shops.

Inventory:

Hand Weapons
 a - a +9 executioner's axe of flaming (weapon)
Missiles
 w - 3 silver tomahawks (quivered)
Armour
 m - a scarf of spirit shield (worn)
 q - a +0 chain mail (worn)
Jewellery
 n - an amulet of magic regeneration (around neck)
 s - a ring of see invisible (left hand)
 v - a ring of poison resistance (right hand)
Wands
 i - a wand of disintegration (33)
 u - a wand of acid (9)
Scrolls
 b - 6 scrolls of remove curse
 d - 5 scrolls of identify
 k - 4 scrolls of teleportation
 l - 2 scrolls of magic mapping {unknown}
 p - 4 scrolls of blinking
 t - 3 scrolls of fog {unknown}
Potions
 e - 2 potions of cancellation
 f - 4 potions of flight
 g - 6 potions of curing
 h - 3 potions of degeneration {unknown}
 j - 3 potions of ambrosia
 o - 2 potions of brilliance {unknown}
 r - a potion of berserk rage {unknown}
 x - a potion of agility
 z - 3 potions of mutation
 A - a potion of haste {unknown}
 B - 2 potions of resistance {unknown}
 C - 2 potions of heal wounds {unknown}
 D - a potion of might {unknown}
 F - a potion of invisibility {unknown}
Comestibles
 c - 3 rations
 E - 2 chunks of flesh


   Skills:
 + Level 8.8 Fighting
 * Level 11.4 Axes
 + Level 8.3 Armour
 - Level 6.6 Dodging


You had 8 spell levels left.
You didn't know any spells.
Your spell library was empty.

Dungeon Overview and Level Annotations

Branches:
Dungeon (9/15)             Temple (0/1) D:4            Lair (0/6) D:8
    Orc: D:9-12

Altars:
Elyvilon
Fedhas
Trog
Yredelemnul

Shops:
D:4 =   D:5 [   D:7 ?


Innate Abilities, Weirdness & Mutations

You reflexively headbutt those who attack you in melee.
You have a pair of horns on your head.


Message History

The two-headed ogre shouts in stereo!
The two-headed ogre hits you with a giant spiked club.
The two-headed ogre closely misses you.
There is an open door here.
You slash the two-headed ogre! You burn the two-headed ogre.
The two-headed ogre is moderately wounded.
The two-headed ogre hits you with a giant spiked club!!
The two-headed ogre closely misses you.
You slash the two-headed ogre! You burn the two-headed ogre.
Your headbutt misses the two-headed ogre.
The two-headed ogre is severely wounded.
The two-headed ogre hits you with a giant spiked club!!
The two-headed ogre hits you with a giant spiked club!
* * * LOW HITPOINT WARNING * * *
You hit the two-headed ogre. You burn the two-headed ogre.
The two-headed ogre is severely wounded.
The two-headed ogre hits you with a giant spiked club!
* * * LOW HITPOINT WARNING * * *
The two-headed ogre hits you with a giant spiked club!
You die...

#..##..# .....
#......#...... .
+......#......
..##+##'##......
........†.......
........).......
..........######
....).....#
..#####@### .
#...O..#
+......#
#......#
#......+
#..##### ###


You could see a two-headed ogre.

Vanquished Creatures
  Grinder (D:4)
  2 hippogriffs (D:7)
  Menkaure (D:4)
  5 sky beasts
  An ogre (D:7)
  5 centaurs
  A big kobold (D:7)
  2 bullfrogs
  A gnoll sergeant (D:3)
  A scorpion (D:7)
  5 killer bees (D:7)
  3 wights (D:7)
  4 crimson imps
  2 bullfrog zombies
  2 bullfrog skeletons
  A hound (D:4)
  4 orc wizards
  A centaur skeleton (D:5)
  2 gnoll shamans
  6 orc priests
  An iguana (D:8)
  3 worker ants
  A killer bee zombie (D:2)
  2 hound skeletons
  A worker ant zombie (D:6)
  45 gnolls
  5 adders
  An ooze (D:2)
  2 adder skeletons
  An adder zombie (D:4)
  2 worms (D:3)
  3 dart slugs
  9 leopard geckos
  33 orcs
  9 giant cockroaches
  4 goblins
  9 hobgoblins
  38 jackals
  3 quokkas
  4 ball pythons
  A ball python skeleton (D:6)
  9 bats
  12 frilled lizards
  A jackal skeleton (D:6)
  21 kobolds
  2 quokka zombies
  7 rats
279 creatures vanquished.

Notes
Turn   | Place    | Note
-------+----------+-------------------------------------------
     0 | D:1      | brandon the Minotaur Berserker began the quest for the Orb.
     0 | D:1      | Reached XP level 1. HP: 19/19 MP: 0/0
    56 | D:1      | Reached XP level 2. HP: 23/27 MP: 1/1
   121 | D:1      | Reached skill level 4 in Axes
   505 | D:2      | Reached XP level 3. HP: 23/33 MP: 2/2
   537 | D:2      | Reached ** piety under Trog
   875 | D:2      | Reached XP level 4. HP: 26/40 MP: 3/3
  1451 | D:3      | Reached skill level 5 in Axes
  1583 | D:3      | Reached *** piety under Trog
  1586 | D:3      | Reached XP level 5. HP: 19/47 MP: 2/4
  2079 | D:3      | Reached XP level 6. HP: 55/55 MP: 5/5
  2116 | D:3      | Reached skill level 5 in Fighting
  2116 | D:3      | Reached skill level 6 in Axes
  2501 | D:3      | Reached XP level 7. HP: 28/61 MP: 2/6
  2889 | D:3      | Reached **** piety under Trog
  2896 | D:3      | Found a bloodstained altar of Trog.
  3062 | D:3      | Reached skill level 7 in Axes
  3114 | D:3      | Found a blossoming altar of Fedhas.
  3386 | D:3      | Found a bloodstained altar of Trog.
  3462 | D:4      | Reached skill level 5 in Armour
  3845 | D:4      | Noticed Menkaure
  3851 | D:4      | Killed Menkaure
  3851 | D:4      | Reached XP level 8. HP: 70/70 MP: 7/7
  3856 | D:4      | Found a staircase to the Ecumenical Temple.
  3888 | D:4      | Noticed Grinder
  3889 | D:4      | Paralysed by Grinder for 2 turns
  3905 | D:4      | Killed Grinder
  3905 | D:4      | Reached skill level 8 in Axes
  3905 | D:4      | Reached skill level 5 in Dodging
  4030 | D:4      | Found Wagir's Jewellery Emporium.
  4389 | D:5      | Entered Level 5 of the Dungeon
  4473 | D:5      | Reached ***** piety under Trog
  4510 | D:5      | Reached skill level 9 in Axes
  4782 | D:5      | Found Jaggulej's Antique Armour Boutique.
  5325 | D:6      | Found a glowing drain.
  5342 | Sewer    | Entered a sewer
  6137 | D:6      | Reached XP level 9. HP: 79/79 MP: 8/8
  6486 | D:7      | Reached skill level 10 in Axes
  6689 | D:7      | Found a basalt altar of Yredelemnul.
  6712 | D:7      | Received a gift from Trog
  6806 | D:7      | Found a white marble altar of Elyvilon.
  7095 | D:7      | Reached skill level 11 in Axes
  7208 | D:7      | Found Roligh's Magic Scroll Boutique.
  7218 | D:7      | Bought a scroll of enchant weapon for 97 gold pieces
  7699 | D:8      | Found a staircase to the Lair.
  8115 | D:9      | Noticed a two-headed ogre
  8119 | D:9      | Slain by a two-headed ogre

Skill      XL: |  1  2  3  4  5  6  7  8  9 |
---------------+----------------------------+-----
Axes           | 4 5 6 7 9 11 | 11.4
Fighting       | 4 5 6 7 8 |  8.8
Armour         | 3 4 5 6 8 |  8.3
Dodging        | 3 4 6 |  6.6

Action                   |  1- 3 |  4- 6 |  7- 9 || total
-------------------------+-------+-------+-------++-------
Melee: Hand axe          |    66 |   169 |   360 ||   595
       Headbutt          |    10 |    36 |    90 ||   136
       Executioner's axe |       |       |    53 ||    53
       Spear             |       |       |    21 ||    21
Invok: Berserk           |       |     3 |     8 ||    11
  Use: Scroll            |       |       |    17 ||    17
  Eat: Chunk             |       |     3 |    14 ||    17
       Ration            |       |     2 |     3 ||     5
Armor: Leather armour    |    24 |     1 |       ||    25
       Chain mail        |       |    89 |   244 ||   333
Dodge: Dodged            |    50 |    77 |   245 ||   372
